AoeStats
← Φ Lechero

Arena

509591775Analyzed
4v4 RM · 4d ago on Sep 27, 2026· 75m 12s· 8 players
Game mode
Random Map
Map size
Large (8 player)
Population
200
Speed
Normal
Resources
Standard
Victory
Conquest
Starting age
Dark Age
Ending age
Imperial Age
RankedLock teamsTeams togetherTeam positionsShared explorationLock speedFull tech treeHidden civsTurbo modeCheats
Victory
Defeat
🇮🇳 Khitans · India
1088
+12
🇹🇼 Slavs · Taiwan
1072
+13
🇨🇳 Britons · China
993
+16
🇨🇳 Khitans · China
907
+19
🇹🇷 Huns · Türkiye
1021
-16
🇩🇪 Burmese · Germany
1007
-16
🇪🇸 Armenians · Spain
993
-15
🇪🇸 Persians · Spain
954
-13
Φ Lechero
10:12 Feudal Age
14:34 Castle Age
12:50 Horse Collar
16:20 Wheelbarrow
25:05 Hand Cart
24:38 Loom
25:07 Heavy Plow
26:19 Gold Mining
26:20 Stone Mining
30:07 Imperial Age
31:03 Forging
30:55 Scale Mail Armor
31:01 Scale Barding Armor
31:19 Squires
31:08 Gambesons
31:50 Manipur Cavalry
31:53 Howdah
32:14 Conscription
31:15 Elite Arambai
32:34 Iron Casting
31:50 Fletching
32:01 Padded Archer Armor
32:52 Crop Rotation
33:05 Gold Shaft Mining
33:20 Husbandry
33:36 Bloodlines
32:49 Light Cavalry
33:21 Elite Battle Elephant
35:03 Ballistics
35:44 Chemistry
34:40 Murder Holes
34:51 Siege Engineers
34:16 Hussar
36:32 Pikeman
37:03 Arson
39:14 Blast Furnace
38:34 Chain Barding Armor
37:40 Man-at-Arms
38:24 Long Swordsman
39:03 Two-Handed Swordsman
40:01 Chain Mail Armor
39:10 Halberdier
39:18 Cavalier
40:32 Champion
42:20 Plate Barding Armor
45:10 Plate Mail Armor
44:42 Bodkin Arrow
44:35 Elite Skirmisher
53:21 Town Watch
58:21 Caravan
58:55 Town Patrol
63:16 Crossbowman
68:40 Bracer
Jack Sparrow
6:08 Loom
11:57 Feudal Age
16:40 Castle Age
15:46 Double-Bit Axe
15:44 Horse Collar
16:39 Fletching
27:45 Imperial Age
27:42 Husbandry
27:53 Bloodlines
27:51 Scale Barding Armor
27:57 Forging
30:48 Gold Mining
32:28 Wheelbarrow
32:16 Chain Barding Armor
32:19 Cavalier
34:13 Iron Casting
37:05 Plate Barding Armor
36:26 Bodkin Arrow
39:48 Light Cavalry
41:58 Bracer
41:58 Padded Archer Armor
42:58 Paladin
43:08 Heavy Cavalry Archer
44:14 Parthian Tactics
44:09 Leather Archer Armor
44:23 Ballistics
45:26 Thumb Ring
47:31 Gold Shaft Mining
51:01 Paladin
51:54 Paladin
53:50 Paladin
67:12 Elite Skirmisher
CountessOfGondomar
12:44 Feudal Age
17:10 Castle Age
15:20 Double-Bit Axe
15:20 Horse Collar
16:05 Gold Mining
19:17 Town Watch
20:08 Wheelbarrow
20:07 Loom
21:07 Heavy Plow
22:22 Bow Saw
22:55 Stone Mining
24:11 Ballistics
23:34 Treadmill Crane
25:30 Murder Holes
27:12 Fletching
28:53 Bodkin Arrow
28:58 Padded Archer Armor
29:10 Forging
29:06 Scale Barding Armor
29:02 Scale Mail Armor
32:24 Husbandry
34:20 Masonry
36:07 Gold Shaft Mining
35:50 Hand Cart
35:35 Town Patrol
36:05 Bloodlines
37:38 Chain Barding Armor
41:54 Imperial Age
42:01 Leather Archer Armor
42:22 Iron Casting
42:05 Chain Mail Armor
42:46 Elite Composite Bowman
44:02 Hoardings
43:48 Conscription
43:36 Fereters
44:35 Ring Archer Armor
45:38 Gambesons
45:53 Squires
45:39 Arson
45:21 Man-at-Arms
48:13 Blast Furnace
47:14 Bracer
47:44 Plate Mail Armor
47:54 Fortified Wall
48:39 Conscription
48:27 Fereters
48:37 Long Swordsman
49:10 Two-Handed Swordsman
49:46 Champion
62:27 Crossbowman
62:34 Elite Skirmisher
62:41 Elite Skirmisher
LeonMastin
12:53 Feudal Age
14:07 Loom
16:35 Castle Age
14:26 Double-Bit Axe
14:25 Horse Collar
26:07 Wheelbarrow
25:17 Town Watch
29:00 Imperial Age
26:31 Town Patrol
27:10 Bow Saw
27:03 Heavy Plow
27:20 Forging
27:15 Scale Barding Armor
28:26 Scale Barding Armor
28:12 Fletching
28:58 Iron Casting
29:56 Chain Barding Armor
29:37 Murder Holes
30:00 Husbandry
29:21 Light Cavalry
30:52 Crop Rotation
31:25 Two-Man Saw
30:30 Gold Mining
30:30 Stone Mining
31:10 Bloodlines
31:41 Hoardings
32:22 Gold Shaft Mining
32:23 Stone Shaft Mining
32:45 Hand Cart
33:04 Conscription
34:20 Plate Barding Armor
34:46 Blast Furnace
35:51 Chemistry
35:17 Ballistics
35:29 Kamandaran
36:10 Crossbowman
36:55 Thumb Ring
36:12 Elite Skirmisher
36:55 Bodkin Arrow
37:00 Padded Archer Armor
42:32 Elite War Elephant
43:30 Masonry
43:39 Leather Archer Armor
45:16 Elite War Elephant
46:08 Citadels
47:06 Elite War Elephant
53:59 Citadels
ektum_inside
0:49 Loom
11:13 Feudal Age
12:02 Double-Bit Axe
12:13 Town Watch
19:10 Castle Age
17:51 Stone Mining
18:24 Domestication
19:09 Gold Mining
21:06 Pikeman
22:19 Scale Mail Armor
22:23 Squires
25:00 Bow Saw
26:48 Stone Shaft Mining
26:18 Pastoralism
27:25 Wheelbarrow
31:19 Imperial Age
28:12 Elite Skirmisher
29:33 Fletching
29:54 Forging
30:54 Chain Mail Armor
31:11 Lamellar Armor
30:57 Arson
31:39 Thumb Ring
33:19 Plate Mail Armor
32:45 Bodkin Arrow
33:45 Padded Archer Armor
35:15 Bracer
36:08 Conscription
36:50 Iron Casting
37:40 Chemistry
36:21 Treadmill Crane
37:16 Hand Cart
38:18 Two-Man Saw
39:45 Leather Archer Armor
40:18 Transhumance
40:31 Husbandry
39:52 Light Cavalry
41:47 Ordo Cavalry
42:30 Ballistics
42:06 Murder Holes
43:47 Ring Archer Armor
43:33 Scale Barding Armor
43:51 Fortified Wall
44:19 Siege Engineers
45:55 Masonry
46:55 Chain Barding Armor
46:54 Caravan
47:31 Hussar
48:59 Guilds
49:09 Guard Tower
48:59 Elite Fire Lancer
50:51 Town Patrol
51:28 Plate Barding Armor
51:56 Elite Liao Dao
55:59 Sanctity
55:50 Fervor
58:34 Elite Steppe Lancer
65:31 Capped Ram
Jason
7:27 Loom
10:28 Feudal Age
10:57 Horse Collar
11:04 Double-Bit Axe
13:05 Wheelbarrow
18:36 Castle Age
16:35 Man-at-Arms
17:38 Forging
18:01 Town Watch
18:32 Gold Mining
20:01 Hand Cart
20:42 Stone Mining
21:30 Gold Shaft Mining
21:09 Heavy Plow
21:00 Pikeman
22:37 Squires
22:46 Scale Mail Armor
24:01 Long Swordsman
31:11 Imperial Age
29:53 Detinets
31:16 Two-Handed Swordsman
32:46 Chain Mail Armor
33:58 Plate Mail Armor
33:55 Champion
37:04 Druzhina
37:25 Halberdier
44:01 Conscription
44:44 Crop Rotation
45:37 Iron Casting
50:25 Bow Saw
52:23 Two-Man Saw
57:20 Heavy Scorpion
59:09 Ballistics
59:49 Chemistry
58:55 Siege Engineers
myMZ
10:36 Feudal Age
15:49 Castle Age
15:44 Double-Bit Axe
16:58 Bow Saw
17:50 Domestication
18:45 Pastoralism
19:26 Forging
19:17 Scale Mail Armor
21:16 Chain Mail Armor
23:49 Iron Casting
23:27 Gold Mining
32:10 Imperial Age
30:31 Squires
30:20 Gambesons
30:24 Arson
31:12 Pikeman
32:21 Capped Ram
32:55 Treadmill Crane
34:40 Siege Engineers
36:38 Chemistry
35:34 Elite Fire Lancer
36:22 Capped Ram
37:22 Scale Barding Armor
37:49 Plate Mail Armor
40:37 Wheelbarrow
39:47 Man-at-Arms
40:13 Gambesons
40:49 Loom
43:03 Hand Cart
43:25 Siege Ram
58:17 Two-Man Saw
66:00 Transhumance
钢的根
11:38 Feudal Age
12:51 Horse Collar
12:59 Double-Bit Axe
16:15 Castle Age
16:04 Wheelbarrow
17:18 Gold Mining
25:01 Hand Cart
27:15 Bow Saw
31:45 Imperial Age
29:12 Crossbowman
30:31 Fletching
30:45 Padded Archer Armor
31:36 Ballistics
31:49 Bodkin Arrow
32:15 Leather Archer Armor
33:51 Chemistry
32:30 Arbalester
33:34 Yeomen
32:50 Capped Ram
35:01 Conscription
35:23 Ring Archer Armor
35:11 Bracer
40:02 Pikeman
40:51 Squires
41:53 Halberdier
43:59 Elite Longbowman
56:48 Forging
56:42 Scale Mail Armor
57:04 Caravan
Connection lost

Rejoining the realm…

Still unreachable

The connection could not be restored.

Session expired

The server has moved on; the page needs a fresh start.